[Event "WALTON 1st Div Women League 2023"]
[Site "Dhaka"]
[Date "2023.03.24"]
[Round "3.2"]
[White "Sanjeedah, Khanam Mitul"]
[Black "Sharmin, Khan"]
[Result "0-1"]
[ECO "B50"]
[WhiteElo "1165"]
[BlackElo "1290"]
[Annotator "NA RC COMBH"]
[PlyCount "68"]
[EventDate "2023.03.22"]
[EventType "team-tourn"]
[EventCountry "BAN"]
[SourceTitle "playchess.com"]
[Source "ChessBase"]
[SourceQuality "1"]
[TimeControl "5400+30"]

1. e4 c5 2. Bc4 d6 3. Nf3 h6 4. h3 Nc6 5. c3 Nf6 6. d3 e5 7. Be3 Na5 8. Qa4+ Bd7 9. Bb5 Bxb5 10. Qxb5+ Nd7 11. b4 a6 12. Qa4 Nc6 13. bxc5 dxc5 14. Nbd2 Nf6 15. Nxe5 Rc8 16. Rb1 Qe7 17. d4 Qc7 18. g3 Bd6 19. dxc5 Bxe5 20. Bf4 O-O 21. O-O Bxf4 22. Nf3 Bxg3 23. e5 Bxe5 24. Nxe5 Qxe5 25. f4 Qxc5+ 26. Kg2 Qxc3 27. Rxb7 Rfe8 28. Rf3 Qd2+ 29. Kg3 Nh5+ 30. Kg4 Qg2+ 31. Kxh5 Qxf3+ 32. Kh4 Qf2+ 33. Kg4 Qe2+ 34. Kf5 Qh5# 0-1

[Event "WALTON 1st Div Women League 2023"]
[Site "Dhaka"]
[Date "2023.03.24"]
[Round "3.4"]
[White "Sayeda Nusaibah, Mahmud"]
[Black "Mahjabeen, Islam"]
[Result "0-1"]
[ECO "C50"]
[WhiteElo "1191"]
[BlackElo "1180"]
[Annotator "NA RC COMBH"]
[PlyCount "106"]
[EventDate "2023.03.22"]
[EventType "team-tourn"]
[EventCountry "BAN"]
[SourceTitle "playchess.com"]
[Source "ChessBase"]
[SourceQuality "1"]
[TimeControl "5400+30"]

1. e4 e5 2. Nf3 Nc6 3. Nc3 a6 4. Bc4 Bc5 5. d3 Nf6 6. Bg5 h6 7. Bh4 d6 8. h3 Be6 9. Bxe6 fxe6 10. O-O g5 11. Bg3 Qe7 12. Ne2 Rg8 13. Re1 Nh5 14. Bh2 Nf4 15. d4 Nxe2+ 16. Rxe2 Nxd4 17. Rd2 Nxf3+ 18. Qxf3 Qf7 19. Qxf7+ Kxf7 20. Rd3 Ke7 21. Kf1 Raf8 22. f3 c6 23. Bg1 Bxg1 24. Kxg1 d5 25. exd5 exd5 26. Re3 Kd6 27. Rd1 d4 28. c3 c5 29. cxd4 exd4 30. Re4 Rf4 31. Kf2 Rxe4 32. fxe4 Rf8+ 33. Ke2 Ke5 34. Kd3 b5 35. b3 h5 36. Rc1 Rc8 37. g3 g4 38. hxg4 hxg4 39. a3 c4+ 40. bxc4 bxc4+ 41. Rxc4 Rxc4 42. Kxc4 Kxe4 43. Kb3 d3 44. Kb2 Ke3 45. Kc1 Ke2 46. Kb2 d2 47. Kc3 d1=Q 48. a4 Qd3+ 49. Kb4 Qc2 50. a5 Kd3 51. Ka3 Qb1 52. Ka4 Kc3 53. Ka3 Qb3# 0-1

[Event "WALTON 1st Div Women League 2023"]
[Site "Dhaka"]
[Date "2023.03.24"]
[Round "3.5"]
[White "Warisa Haider"]
[Black "Wadifa, Ahmed"]
[Result "0-1"]
[ECO "B44"]
[WhiteElo "1302"]
[BlackElo "1811"]
[Annotator "NA RC COMBH"]
[PlyCount "56"]
[EventDate "2023.03.22"]
[EventType "team-tourn"]
[EventCountry "BAN"]
[SourceTitle "playchess.com"]
[Source "ChessBase"]
[SourceQuality "1"]
[TimeControl "5400+30"]

1. e4 c5 2. Nf3 e6 3. d4 cxd4 4. Nxd4 Nc6 5. c3 Qc7 6. Be3 a6 7. Bd3 Nf6 8. O-O Ne5 9. Bc2 Nc4 10. Qe2 Nxe3 11. Qxe3 b5 12. Nd2 d6 13. Rac1 Be7 14. c4 b4 15. Qb3 Qc5 16. N2f3 O-O 17. Qe3 Re8 18. b3 Bb7 19. e5 dxe5 20. Nxe5 Rad8 21. Rfd1 Qc7 22. h3 Bc5 23. Qf4 Qb6 24. Ne2 Bd6 25. Nd4 Qc7 26. Re1 Bxe5 27. Qxe5 Qxe5 28. Rxe5 Rxd4 0-1

[Event "WALTON 1st Div Women League 2023"]
[Site "Dhaka"]
[Date "2023.03.24"]
[Round "3.7"]
[White "Fariha, Sumona"]
[Black "Kazi Zarin, Tasnim"]
[Result "0-1"]
[ECO "C55"]
[WhiteElo "1378"]
[BlackElo "1837"]
[Annotator "NA RC COMBH"]
[PlyCount "73"]
[EventDate "2023.03.22"]
[EventType "team-tourn"]
[EventCountry "BAN"]
[SourceTitle "playchess.com"]
[Source "ChessBase"]
[SourceQuality "1"]
[TimeControl "5400+30"]

1. e4 e5 2. Nf3 Nc6 3. Bc4 Bc5 4. Nc3 Nf6 5. h3 a6 6. a3 d6 7. d3 Ba7 8. O-O O-O 9. Be3 Bxe3 10. fxe3 Re8 11. Ng5 Re7 12. Nd5 Nxd5 13. Bxd5 Be6 14. Qh5 h6 15. Bxe6 fxe6 16. Nxe6 Qd7 17. Nxg7 Rxg7 18. Qxh6 Ne7 19. Rf3 Rg6 20. Qh5 Kg7 21. Raf1 Qe6 22. b4 Ng8 23. d4 Nf6 24. d5 Nxh5 25. dxe6 Nf6 26. g4 Re8 27. Kh2 Rxe6 28. Rg1 Nxe4 29. h4 Ref6 30. Rxf6 Rxf6 31. c4 Rf2+ 32. Rg2 Rxg2+ 33. Kxg2 Nd2 34. c5 dxc5 35. bxc5 Nb3 36. h5 Kh6 37. Kg1 0-1

[Event "WALTON 1st Div Women League 2023"]
[Site "Dhaka"]
[Date "2023.03.24"]
[Round "3.9"]
[White "Nusrat, Jahan Liza"]
[Black "Nusrat Jahan, Alo"]
[Result "0-1"]
[ECO "B23"]
[WhiteElo "1573"]
[BlackElo "1787"]
[Annotator "NA RC COMBH"]
[PlyCount "68"]
[EventDate "2023.03.22"]
[EventType "team-tourn"]
[EventCountry "BAN"]
[SourceTitle "playchess.com"]
[Source "ChessBase"]
[SourceQuality "1"]
[TimeControl "5400+30"]

1. e4 c5 2. Nc3 e6 3. Bb5 a6 4. Be2 Nc6 5. f4 b5 6. a3 Nd4 7. Nf3 Bb7 8. d3 Nxe2 9. Nxe2 d6 10. b4 c4 11. Bb2 Nf6 12. Ng3 Rc8 13. Rc1 d5 14. e5 c3 15. Ba1 Ng4 16. h3 Ne3 17. Qe2 d4 18. Kf2 Nf5 19. Nxf5 exf5 20. Rhe1 Be7 21. Kg1 O-O 22. Qf2 Bxf3 23. Qxf3 a5 24. Rb1 axb4 25. axb4 Qd7 26. Qe2 Ra8 27. e6 fxe6 28. Qxe6+ Qxe6 29. Rxe6 Bf6 30. Rb6 Rfb8 31. Rxb8+ Rxb8 32. Kf2 Ra8 33. g4 g6 34. Re1 Bh4+ 0-1

[Event "WALTON 1st Div Women League 2023"]
[Site "Dhaka"]
[Date "2023.03.24"]
[Round "3.10"]
[White "Srija, Seshadri"]
[Black "Afrin Jahan, Munia"]
[Result "1-0"]
[ECO "C03"]
[WhiteElo "2194"]
[BlackElo "1634"]
[Annotator "TA"]
[PlyCount "49"]
[EventDate "2023.03.22"]
[EventType "team-tourn"]
[EventCountry "BAN"]
[SourceTitle "playchess.com"]
[Source "ChessBase"]
[SourceQuality "1"]
[TimeControl "5400+30"]

1. e4 e6 2. d4 d5 3. Nd2 Nd7 4. e5 c5 5. c3 {[%emt 0:00:10] [#]} c4 $146 ({Predecessor:} 5... Ne7 6. Bd3 Nc6 7. Ndf3 cxd4 8. cxd4 Bb4+ 9. Bd2 Bxd2+ 10. Qxd2 Qa5 11. Ne2 Qxd2+ 12. Kxd2 Ke7 13. Rac1 Nb6 14. h4 Bd7 15. b3 h6 16. g4 {1-0 Vazquez,G (2527)-Postny,E (2605) PNWCC Opening Bl French blitz 2020 (7)}) 6. b3 {[%emt 0:05:18] C03: French Tarrasch: Unusual Black 3rd moves.} cxb3 (6... b5 $14) 7. axb3 $16 Ne7 8. Bd3 {[%emt 0:00:25] White is more active. White is clearly better.} Ng6 9. Ne2 f5 (9... a5 $16 10. Nf3 b6) 10. Nf3 $18 Be7 11. h4 h6 (11... Nb6 $142 12. h5 Nf8) 12. h5 Ngf8 13. Nf4 Nb6 14. Bd2 Bg5 {[%emt 0:03:50] [#]} 15. g4 $1 Bxf4 (15... a5 16. gxf5) 16. Bxf4 g5 $2 {[%emt 0:03:16] Black is weak on the dark squares} (16... Qc7 17. Rc1 (17. Bb5+ Bd7 $16) 17... Qf7) 17. hxg6 {[%emt 0:01:37] g7 would be deadly.} Nxg6 18. Rxh6 Rxh6 19. Bxh6 Qc7 20. Kd2 Bd7 21. gxf5 exf5 22. Qg1 Ne7 23. Qg7 {[%emt 0:00:18][%csl Gh6][%cal Rg7f8] [#]} Be6 24. Bb5+ Nd7 25. Qf8# {[%emt 0:00:06] Black did not feel at home in the position after the opening.   Weighted Error Value: White=0.10 (very precise) /Black=0.83} 1-0

[Event "WALTON 1st Div Women League 2023"]
[Site "Dhaka"]
[Date "2023.03.24"]
[Round "3.11"]
[White "Neelava, Choudhury"]
[Black "Parveen, Tanima"]
[Result "0-1"]
[ECO "C78"]
[WhiteElo "1522"]
[BlackElo "1960"]
[Annotator "TA"]
[PlyCount "66"]
[EventDate "2023.03.22"]
[EventType "team-tourn"]
[EventCountry "BAN"]
[SourceTitle "playchess.com"]
[Source "ChessBase"]
[SourceQuality "1"]
[TimeControl "5400+30"]

1. e4 e5 2. Nf3 Nc6 3. Bb5 a6 4. Ba4 Nf6 5. O-O b5 6. Bb3 Bc5 7. c3 d6 8. d4 exd4 9. cxd4 Bb6 10. Bg5 {[%emt 0:02:29] C78: Ruy Lopez: Archangelsk and Möller Defences.} (10. Nc3 $16) 10... Bg4 $11 11. Bd5 Qd7 (11... Nxd4 $1 $14 12. Bxa8 Qxa8) 12. Bxf6 $18 {[%emt 0:09:30] White is clearly better.} Bxf3 (12... gxf6 $16 13. Qc1 Ne7) 13. Qxf3 (13. gxf3 gxf6 14. Bxc6 Qxc6 $14) 13... gxf6 {[%emt 0:00:49] [#]} 14. e5 $146 (14. Qxf6 Bxd4 15. e5 Bxe5 $11) ({Stronger than} 14. Qc3 Nxd4 15. Kh1 c6 $17) ({Predecessor:} 14. Rc1 Nxd4 15. Qxf6 Ne2+ 16. Kh1 Bd4 17. e5 Bxe5 18. Qf3 Nd4 19. Qe3 O-O-O 20. f4 Bxf4 21. Qxf4 {1-0 Pavel,M (2000)-Hatala,C Eger Agria op 2004 (2)}) 14... Nxd4 15. Qxf6 O-O 16. Bxa8 Rxa8 17. Nc3 dxe5 (17... Qe6 $142 18. Rae1 d5) 18. Qxe5 {[%emt 0:03:32] [#] And now Nd5 would win.} Re8 (18... Qe6 {was called for.} 19. Rae1 c6 20. Qg3+ Qg6) 19. Qg5+ Kh8 20. Rfe1 $2 ({Better is} 20. Nd5 $18 {Black must now prevent Nf6.} Qd8 21. Qxd8 Rxd8 22. Nxb6) 20... Nf3+ $1 $14 21. gxf3 Rg8 22. Qxg8+ (22. Qg3 $5) 22... Kxg8 23. Rad1 Qf5 24. Nd5 {[%emt 0:02:11] [#] Strongly threatening Ne7+.} Bc5 25. Nxc7 $2 (25. b4 $11 {and White has nothing to worry.} Bd6 26. Re8+ Kg7 27. Kg2) 25... Qxf3 $19 26. Re8+ (26. Rd8+ {was necessary.} Kg7 27. Rd2) 26... Kg7 27. Rf1 Qc6 28. Rc8 Qg6+ 29. Kh1 {[%emt 0:00:25] Threatens to win with Rg1.} Qc6+ 30. Kg1 $1 {[%emt 0:00:11] aiming for Ne8+.} ({Not} 30. f3 $2 Kh6 31. a4 Bb6 32. axb5 axb5 $19) 30... Kh6 {[%emt 0:00:42] ( -> ...Qg6+)} 31. Rd1 Qf3 (31... Qf6 $142 32. Rd6 Qxd6) 32. Rf1 Qg4+ 33. Kh1 Qxc8 {[%emt 0:00:07] An exciting game.   Weighted Error Value: White=1.05/Black=0.64} 0-1

[Event "WALTON 1st Div Women League 2023"]
[Site "Dhaka"]
[Date "2023.03.24"]
[Round "3.12"]
[White "Varshini V Kundar"]
[Black "Kishoara, Shajrin Evana"]
[Result "1-0"]
[ECO "B23"]
[WhiteElo "1096"]
[BlackElo "1544"]
[Annotator "NA RC COMBH"]
[PlyCount "59"]
[EventDate "2023.03.22"]
[EventType "team-tourn"]
[EventCountry "BAN"]
[SourceTitle "playchess.com"]
[Source "ChessBase"]
[SourceQuality "1"]
[TimeControl "5400+30"]

1. e4 c5 2. Nc3 e6 3. g3 Nc6 4. Bg2 Nf6 5. d3 d6 6. Nge2 Be7 7. O-O e5 8. f4 exf4 9. Nxf4 Bg4 10. Qe1 Nd4 11. Qf2 Rb8 12. h3 Be6 13. Nd1 O-O 14. Ne3 b5 15. c3 Nc6 16. Rd1 Qb6 17. g4 Ne5 18. d4 cxd4 19. cxd4 Nc4 20. Nf5 Qd8 21. b3 Na5 22. Be3 a6 23. g5 Nd7 24. Nxe7+ Qxe7 25. d5 Nc5 26. dxe6 Nxe6 27. Nd5 Qe8 28. Rac1 Rc8 29. Rxc8 Qxc8 30. Ne7+ 1-0

[Event "WALTON 1st Div Women League 2023"]
[Site "Dhaka"]
[Date "2023.03.24"]
[Round "3.13"]
[White "Jarin, Tasnim"]
[Black "Sidratul, Muntaha"]
[Result "1-0"]
[ECO "C50"]
[WhiteElo "1180"]
[BlackElo "1185"]
[Annotator "NA RC COMBH"]
[PlyCount "93"]
[EventDate "2023.03.22"]
[EventType "team-tourn"]
[EventCountry "BAN"]
[SourceTitle "playchess.com"]
[Source "ChessBase"]
[SourceQuality "1"]
[TimeControl "5400+30"]

1. e4 e5 2. Nf3 Nc6 3. Bc4 Bc5 4. Nc3 Nf6 5. d3 d6 6. Bg5 h6 7. Bh4 Qe7 8. Nd5 Qd8 9. Nxf6+ gxf6 10. Nd2 a6 11. Qf3 Nd4 12. Qh5 Qe7 13. O-O-O Be6 14. Bxe6 Qxe6 15. Kb1 O-O-O 16. Nf1 Rdg8 17. Ne3 Kb8 18. g3 Nc6 19. Nd5 f5 20. Bf6 Rh7 21. Bh4 Rf8 22. Nf6 Rhh8 23. exf5 Qc8 24. Ng4 d5 25. Nxh6 Nd4 26. Qg5 Nf3 27. Qg4 Nxh4 28. Qxh4 Bxf2 29. Qf6 Qe8 30. Ng4 Bc5 31. Nxe5 Be7 32. Qg7 Rhg8 33. Qh6 Rg5 34. Qh3 f6 35. Ng6 Rg8 36. Rde1 Rg7 37. Qh6 Rf7 38. Re6 Rxf5 39. Rhe1 Qd7 40. Nxe7 Ka7 41. Qe3+ d4 42. Qh6 Qb5 43. Qh8 b6 44. Nxf5 Qxf5 45. Qd8 Qc5 46. Re8 Kb7 47. Qa8# 1-0

[Event "WALTON 1st Div Women League 2023"]
[Site "Dhaka"]
[Date "2023.03.24"]
[Round "3.14"]
[White "Sonia, Akhter"]
[Black "Zowena, Mehbish"]
[Result "1-0"]
[ECO "D02"]
[WhiteElo "1180"]
[BlackElo "1121"]
[Annotator "NA RC COMBH"]
[PlyCount "127"]
[EventDate "2023.03.22"]
[EventType "team-tourn"]
[EventCountry "BAN"]
[SourceTitle "playchess.com"]
[Source "ChessBase"]
[SourceQuality "1"]
[TimeControl "5400+30"]

1. d4 d5 2. Nf3 Nf6 3. h3 Nc6 4. Bg5 h6 5. Bxf6 exf6 6. c3 Bf5 7. e3 Bd6 8. Qa4 Bd7 9. Qb5 Nxd4 10. Qd3 Nxf3+ 11. gxf3 c6 12. c4 Bb4+ 13. Nc3 Be6 14. cxd5 Bxd5 15. Ke2 Bxc3 16. Qxc3 b5 17. Rd1 Qb6 18. a3 a5 19. Qc2 a4 20. Qc1 Bc4+ 21. Ke1 Bd5 22. Be2 b4 23. e4 Bb3 24. Rd6 Rc8 25. Kf1 Qc7 26. Qc5 O-O 27. Rg1 Be6 28. Rg3 Rfd8 29. Rd3 Rb8 30. Qe3 g5 31. h4 Qc8 32. Kg2 Kh7 33. hxg5 fxg5 34. f4 f6 35. fxg5 fxg5 36. Bh5 Bc4 37. Rd4 Qe6 38. Rf3 Qe5 39. Rxc4 Qxb2 40. Rxc6 bxa3 41. Qa7+ Rb7 42. Rf7+ Rxf7 43. Qxf7+ Qg7 44. Qf5+ Kg8 45. Rg6 Rf8 46. Qe6+ Kh8 47. Rxg7 Kxg7 48. Qg6+ Kh8 49. Qxh6+ Kg8 50. Qxg5+ Kh8 51. Qe7 Rg8+ 52. Kh3 a2 53. Qa3 Ra8 54. Qxa2 a3 55. f4 Ra5 56. Kg4 Ra4 57. e5 Ra8 58. e6 Rg8+ 59. Kh4 Rf8 60. Bf7 Kg7 61. Qa1+ Kh7 62. Qb1+ Kg7 63. Qg6+ Kh8 64. Qh6# 1-0

[Event "WALTON 1st Div Women League 2023"]
[Site "Dhaka"]
[Date "2023.03.25"]
[Round "4.1"]
[White "Rashma, Alam"]
[Black "Sidratul, Muntaha"]
[Result "1-0"]
[ECO "C26"]
[WhiteElo "1047"]
[BlackElo "1185"]
[Annotator "NA RC COMBH"]
[PlyCount "115"]
[EventDate "2023.03.22"]
[EventType "team-tourn"]
[EventCountry "BAN"]
[SourceTitle "playchess.com"]
[Source "ChessBase"]
[SourceQuality "1"]
[TimeControl "5400+30"]

1. e4 e5 2. d3 Nf6 3. Nc3 Bb4 4. Bd2 c6 5. a3 Ba5 6. b4 Bc7 7. g3 d5 8. Bg2 Bg4 9. Bf3 Bxf3 10. Nxf3 Nbd7 11. Bg5 h6 12. Bxf6 Qxf6 13. exd5 e4 14. Nxe4 Qe7 15. O-O O-O 16. dxc6 bxc6 17. Re1 Qe6 18. Neg5 Qg6 19. Ne4 Rfe8 20. Qd2 Qg4 21. Nh4 Bd8 22. Ng2 Ne5 23. Qe3 Nf3+ 24. Kh1 Re5 25. Nf4 Bg5 26. h3 Qd7 27. Qxf3 Be7 28. Kg2 g5 29. Nh5 Qf5 30. Qe2 Qe6 31. f4 gxf4 32. Nxf4 Qf5 33. Rf1 Qh7 34. Nh5 Rf5 35. g4 Rxf1 36. Rxf1 Qg6 37. Nhf6+ Kf8 38. Nd7+ Ke8 39. Ne5 Qe6 40. Nc4 Kd7 41. Rf5 Rf8 42. Re5 Qg6 43. Qe3 Ra8 44. Qd4+ Ke8 45. Ncd6+ Kf8 46. Rf5 Bxd6 47. Nxd6 Ke7 48. Qe5+ Kf8 49. Nxf7 Qg7 50. Nxh6+ Qf6 51. Qxf6+ Ke8 52. Re5+ Kd7 53. Qe7+ Kc8 54. Qe8+ Kb7 55. Re7+ Kb6 56. Qxa8 Kb5 57. Rb7+ Ka4 58. Qxa7# 1-0

[Event "WALTON 1st Div Women League 2023"]
[Site "Dhaka"]
[Date "2023.03.25"]
[Round "4.2"]
[White "Sonia, Akhter"]
[Black "Sanjeedah, Khanam Mitul"]
[Result "1-0"]
[ECO "D02"]
[WhiteElo "1180"]
[BlackElo "1165"]
[Annotator "NA RC COMBH"]
[PlyCount "45"]
[EventDate "2023.03.22"]
[EventType "team-tourn"]
[EventCountry "BAN"]
[SourceTitle "playchess.com"]
[Source "ChessBase"]
[SourceQuality "1"]
[TimeControl "5400+30"]

1. d4 d5 2. Nf3 Nc6 3. a3 Bf5 4. Bg5 f6 5. Bh4 Qd6 6. Bg3 Qe6 7. e3 a6 8. Nc3 h5 9. h4 Bg4 10. Be2 Nh6 11. Bxc7 Nf5 12. Qd3 Rc8 13. Bf4 Bxf3 14. Bxf3 Nfxd4 15. Bxd5 Qg4 16. Bg3 Nf5 17. Bf3 Qg6 18. O-O-O Ne5 19. Bxe5 fxe5 20. Qd7+ Kf7 21. Bd5+ Qe6 22. Qxe6+ Ke8 23. Qxc8# 1-0

[Event "WALTON 1st Div Women League 2023"]
[Site "Dhaka"]
[Date "2023.03.25"]
[Round "4.5"]
[White "Jannatul, Ferdous"]
[Black "Nazia, Jafrin Mohona"]
[Result "1-0"]
[ECO "D00"]
[WhiteElo "1697"]
[BlackElo "1206"]
[Annotator "NA RC COMBH"]
[PlyCount "37"]
[EventDate "2023.03.22"]
[EventType "team-tourn"]
[EventCountry "BAN"]
[SourceTitle "playchess.com"]
[Source "ChessBase"]
[SourceQuality "1"]
[TimeControl "5400+30"]

1. d4 d5 2. Bf4 Bf5 3. e3 e6 4. c4 Nf6 5. Nc3 c5 6. Qb3 b6 7. Nb5 Nc6 8. Nc7+ Kd7 9. Nxa8 Qxa8 10. Nf3 cxd4 11. exd4 a5 12. a3 Qb7 13. Rc1 Qa7 14. Qa4 Qb7 15. Ne5+ Kc8 16. Nxc6 Qd7 17. cxd5 Kb7 18. Qb5 Nxd5 19. Qa6# 1-0

[Event "WALTON 1st Div Women League 2023"]
[Site "Dhaka"]
[Date "2023.03.25"]
[Round "4.6"]
[White "Jarin, Tasnim"]
[Black "Srija, Seshadri"]
[Result "0-1"]
[ECO "C50"]
[WhiteElo "1180"]
[BlackElo "2194"]
[Annotator "TA"]
[PlyCount "64"]
[EventDate "2023.03.22"]
[EventType "team-tourn"]
[EventCountry "BAN"]
[SourceTitle "playchess.com"]
[Source "ChessBase"]
[SourceQuality "1"]
[TimeControl "5400+30"]

1. e4 e5 2. Nf3 Nc6 3. Bc4 Nf6 4. Nc3 Bc5 5. d3 h6 6. Be3 Bb6 7. Na4 {[%emt 0:01:54] C50: Hungarian Defence and Giuoco Pianissimo.} Bxe3 8. fxe3 d6 9. h3 {[%emt 0:02:13] [#] The position is equal.} Ne7 $146 ({Predecessor:} 9... O-O 10. Nc3 Re8 11. Nd5 Nxd5 12. Bxd5 Be6 13. Qd2 Bxd5 14. exd5 Ne7 15. e4 Qd7 {½-½ Alonso Novas,M (1239)-Barreiro Rebolo,L (1044) Galicia-ch U12 2022 (8)}) 10. Nc3 c6 11. d4 Qc7 12. Qd2 b5 13. Bb3 {[%emt 0:01:03] White is on the road to losing.} (13. Bd3 $11) 13... a5 14. a3 Ba6 {[%emt 0:03:12] Threatens to win with ...0-0.} 15. Ne2 (15. O-O $17) 15... Nxe4 $19 16. Qd3 (16. Qd1 {was worth a try.}) 16... d5 17. Nxe5 a4 18. Ba2 {[%emt 0:00:27] [#]} (18. Qxe4 $142 dxe4 19. Bxf7+ Kd8 20. O-O) 18... b4 $1 19. Qd1 (19. Bc4 Bxc4) 19... bxa3 20. bxa3 Qa5+ 21. Kf1 Bxe2+ {[%emt 0:00:12][%mdl 64] Remove Defender} 22. Kxe2 Nc3+ {[%emt 0:00:06] A dynamic duo of knights.} 23. Ke1 Nxd1+ 24. Kxd1 Qc3 25. Rb1 Qxa3 {[%emt 0:00:24] [#] ...Nf5 would be deadly.} 26. Ra1 Nf5 {[%emt 0:01:34] Hoping for ...Ng3.} 27. Re1 Qb2 28. Kd2 Ng3 {[%emt 0:00:30] ( -> ...Ne4+)} 29. Nxc6 Ne4+ {[%emt 0:00:18] Black mates.} 30. Kd3 Qc3+ 31. Ke2 Qd2+ 32. Kf1 Qf2# {[%emt 0:00:04] Weighted Error Value: White=1.65/Black=0.41} 0-1

[Event "WALTON 1st Div Women League 2023"]
[Site "Dhaka"]
[Date "2023.03.25"]
[Round "4.7"]
[White "Parveen, Tanima"]
[Black "Inaaya, Zaman Khan"]
[Result "1-0"]
[ECO "C50"]
[WhiteElo "1960"]
[BlackElo "1137"]
[Annotator "TA"]
[PlyCount "37"]
[EventDate "2023.03.22"]
[EventType "team-tourn"]
[EventCountry "BAN"]
[SourceTitle "playchess.com"]
[Source "ChessBase"]
[SourceQuality "1"]
[TimeControl "5400+30"]

1. e4 e5 2. Nf3 Nc6 3. Bc4 h6 4. O-O a6 5. c3 Bc5 (5... d6 $14) 6. d4 $16 {[%emt 0:00:41] C50: Hungarian Defence and Giuoco Pianissimo.} exd4 7. cxd4 Bb6 8. Nc3 {[%emt 0:00:40] White is more active.} (8. d5 $142 Nce7 9. d6 cxd6 10. Nc3 (10. Qxd6 Nf6 $16)) 8... Nf6 $2 {[%emt 0:00:11] [#] This move loses the game for Black.} (8... d6 $16 {was necessary.}) 9. e5 $18 Nh7 10. d5 {[%emt 0:03:39] [#]} Na7 $146 {[%emt 0:00:56] Black is weak on the light squares} ({Predecessor:} 10... Ne7 11. Be3 O-O 12. Bxb6 cxb6 13. a4 Ng6 14. d6 Ng5 15. Nxg5 Qxg5 16. f4 Nxf4 {0-1 De la Cruz,P (1730)-Venturas,B (533) RN-2016-0-01229}) 11. Re1 O-O 12. d6 cxd6 13. Qxd6 Qc7 $2 (13... Ba5 {might work better.} 14. Bxh6 Qb6) 14. Qd3 {[%emt 0:03:24] [#] aiming for Nd5. White is clearly winning.} Rd8 (14... Kh8 $142 15. Nd5 Qc6) 15. Nd5 Bxf2+ 16. Kxf2 Qc5+ 17. Be3 Qa5 18. Bb6 Qxe1+ 19. Rxe1 {[%emt 0:00:08] Weighted Error Value: White=0.22 (precise) /Black=0.80} 1-0

[Event "WALTON 1st Div Women League 2023"]
[Site "Dhaka"]
[Date "2023.03.25"]
[Round "4.8"]
[White "Fatiha, Eyenoon Diya"]
[Black "Varshini V Kundar"]
[Result "0-1"]
[ECO "D37"]
[WhiteElo "1165"]
[BlackElo "1096"]
[Annotator "NA RC COMBH"]
[PlyCount "94"]
[EventDate "2023.03.22"]
[EventType "team-tourn"]
[EventCountry "BAN"]
[SourceTitle "playchess.com"]
[Source "ChessBase"]
[SourceQuality "1"]
[TimeControl "5400+30"]

1. d4 d5 2. c4 e6 3. Nc3 Nf6 4. Nf3 Be7 5. Bf4 O-O 6. e3 a6 7. Bd3 dxc4 8. Bxc4 b5 9. Bd3 Bb7 10. e4 b4 11. e5 bxc3 12. exf6 Bxf6 13. bxc3 h6 14. Qc2 Bxf3 15. gxf3 Bg5 16. Bg3 Nd7 17. O-O Kh8 18. Rfe1 Nb6 19. f4 Bf6 20. Be4 Rb8 21. f5 exf5 22. Bxf5 Be7 23. Rab1 Bd6 24. Bd3 Ra8 25. c4 Bxg3 26. hxg3 Qxd4 27. Re4 Qc5 28. Rbe1 Rad8 29. Re5 Qd4 30. c5 Qxd3 31. Qxd3 Rxd3 32. cxb6 cxb6 33. Re8 Rxe8 34. Rxe8+ Kh7 35. Re7 Ra3 36. Rxf7 Rxa2 37. f4 a5 38. Rb7 Rb2 39. f5 Kg8 40. Rb8+ Kf7 41. Rb7+ Kf6 42. g4 a4 43. Ra7 Rb4 44. g5+ hxg5 45. Rb7 a3 46. Ra7 Rb3 47. Ra6 Kxf5 0-1

[Event "WALTON 1st Div Women League 2023"]
[Site "Dhaka"]
[Date "2023.03.25"]
[Round "4.9"]
[White "Wadifa, Ahmed"]
[Black "Afrin Jahan, Munia"]
[Result "1-0"]
[ECO "C92"]
[WhiteElo "1811"]
[BlackElo "1634"]
[Annotator "NA RC COMBH"]
[PlyCount "125"]
[EventDate "2023.03.22"]
[EventType "team-tourn"]
[EventCountry "BAN"]
[SourceTitle "playchess.com"]
[Source "ChessBase"]
[SourceQuality "1"]
[TimeControl "5400+30"]

1. e4 e5 2. Nf3 Nc6 3. Bb5 d6 4. O-O Nf6 5. c3 a6 6. Ba4 b5 7. Bb3 Be7 8. h3 O-O 9. Re1 Bb7 {[%emt 0:01:40] 9...Nb8 is the modern continuation.} 10. d4 h6 11. Nbd2 Nh7 12. Nf1 Ng5 13. Nxg5 Bxg5 {[%emt 0:00:11] [#]} 14. Ne3 $146 ({Predecessor:} 14. Bxg5 Qxg5 15. Re3 Ne7 16. Rg3 Qh4 17. Rg4 Qf6 18. Ng3 g5 19. f4 Ng6 20. fxg5 hxg5 {1-0 Strnad,J (1689)-Prochazka,P (1767) Hrdonov op 2012 (6)}) 14... Ne7 15. Bc2 Ng6 16. g3 Bc8 17. h4 Bxe3 18. Bxe3 Qd7 19. Bd3 Qh3 20. Bf1 Qg4 21. Qxg4 Bxg4 22. a4 c6 23. Kg2 Rfe8 24. d5 cxd5 25. exd5 Bd7 26. axb5 axb5 27. c4 bxc4 28. Bxc4 Reb8 29. b3 Ne7 30. Bd2 Nf5 31. Ba5 Rb7 32. Bc3 Rba7 33. Rxa7 Rxa7 34. Ra1 Rxa1 35. Bxa1 Ne7 36. Bc3 Kf8 37. Ba5 Ke8 38. Bc7 Nc8 $2 {[%emt 0:00:31] [#]} (38... Nf5 $11 {and Black stays safe.}) 39. Ba6 $2 ({Only move:} 39. b4 $1 $18) 39... Ke7 40. b4 Na7 $1 41. Bb6 Nb5 42. Kf1 Nc3 43. Ba5 $1 Bb5+ (43... Nxd5 $2 44. b5 $16) 44. Bxb5 Nxb5 45. Ke2 $1 Kd7 46. Kd3 f5 47. Kc4 Na3+ 48. Kb3 Nb5 49. Kc4 Na3+ 50. Kb3 Nb5 51. h5 Kc8 52. Bb6 Kb7 $2 {[%emt 0:01:01] [#]} (52... Kd7 $1 $11 {and Black is okay.}) 53. Bd8 $1 f4 $2 (53... e4 54. Kc4 Na3+ 55. Kc3 Nb5+ 56. Kd2 Na3) 54. gxf4 exf4 55. Be7 $2 ({Only move:} 55. Kc4 $18 Na3+ 56. Kd3) 55... Nd4+ $1 56. Kc4 Nf5 57. Bf8 Kb6 58. Kd3 Kb5 $2 (58... f3 $11) 59. Ke4 $1 {[%emt 0:00:03] Deflection, Double Attack} Nh4 60. Bxg7 f3 61. Bxh6 Kxb4 62. Bg5 Ng2 63. h6 1-0